 Dungeon Crawl Stone Soup version 0.31-a0-240-gb923e448b6 (webtiles) character file.

Game seed: 4701701788852340898

2903 Essalna the Ruffian (level 9, 0/89 HPs)
             Began as a Troll Shapeshifter on July 12, 2023.
             Was a Follower of the Shining One.
             Slain by a gnoll sergeant
             ... wielding a +5 trident of protection
              (3 damage)
             ... on level 8 of the Dungeon.
             The game lasted 00:10:18 (6442 turns).

Essalna the Ruffian (Troll Shapeshifter)            Turns: 6442, Time: 00:10:18

Health: 0/89       AC:  6    Str: 25    XL:     9   Next: 49%
Magic:  8/8        EV: 12    Int:  4    God:    the Shining One [*.....]
Gold:   385        SH:  0    Dex: 14    Spells: 8/8 levels left

rFire   . .          .
                       - Unarmed
rCold   . . .        (no shield)
rNeg    . . .        a - +0 animal skin
rPois   .            (helmet currently unavailable)
rElec   .            (cloak currently unavailable)
rCorr   .            (gloves unavailable)
SInv    .            (boots unavailable)
Will    .....        (no amulet)
Stlth   +            (no ring)
HPRegen 1.14/turn    (no ring)
MPRegen 0.11/turn

%: no passive effects
@: beast-form, glowing
A: beast (slay +4), large, unfitting armour, claws 3, regeneration 1, shaggy fur
1, tough skin 1, iridescent scales 1, sense surroundings 1
a: Renounce Religion, Divine Shield


You were on level 8 of the Dungeon.
You worshipped the Shining One.
The Shining One was aware of your devotion.
You were a hulking beast.
You visited 2 branches of the dungeon, and saw 9 of its levels.

You collected 385 gold pieces.

Inventory:

Missiles
 y - 2 throwing nets
Armour
 a - a +0 animal skin (worn)
Jewellery
 f - an amulet of faith
 k - a ring of flight
 l - a ring of wizardry
Talismans
 c - a beast talisman
Wands
 s - a wand of paralysis (6)
 u - a wand of iceblast (3)
 v - a wand of flame (28)
Scrolls
 e - 2 scrolls of blinking
 i - 2 scrolls of teleportation
 j - 2 scrolls of fear
 m - a scroll of immolation {unknown}
 q - 3 scrolls of identify
 t - 2 scrolls of enchant armour {unknown}
 x - a scroll of noise {unknown}
Potions
 b - 3 potions of lignification
 d - a potion of mutation
 g - 2 potions of might
 h - 2 potions of attraction
 n - 2 potions of brilliance
 o - a potion of curing
 p - 3 potions of haste
 r - 2 potions of heal wounds
 w - a potion of invisibility {unknown}
 z - a potion of resistance {unknown}


   Skills:
 + Level 5.7 Fighting
 + Level 5.7 Dodging
 + Level 6.9 Unarmed Combat
 + Level 6.3 Shapeshifting


You had 8 spell levels left.
You didn't know any spells.
Your spell library contained the following spells:

 Spells                   Type           Power      Damage    Failure   Level
 Apportation              Tloc           0%         N/A       50%         1
 Necrotise                Necr           0%         1d4       50%         1
 Summon Small Mammal      Summ           0%         N/A       50%         1
 Ozocubu's Armour         Ice            0%         N/A       86%         3
 Metabolic Englaciation   Hex/Ice        0%         N/A       100%        5
 Simulacrum               Ice/Necr       0%         N/A       100%        6
 Ozocubu's Refrigeration  Ice            0%         4d7       100%        7


Dungeon Overview and Level Annotations

Branches:
Dungeon (8/15)             Temple (1/1) D:5
   Lair: D:8-11

Altars:
Ashenzari
Cheibriados
Dithmenos
Fedhas
Gozag
Hepliaklqana
Kikubaaqudgha
Makhleb
Nemelex Xobeh
Okawaru
Qazlal
Ru
Sif Muna
Uskayaw
Vehumet
Wu Jian
Xom
Yredelemnul
The Shining One


Innate Abilities, Weirdness & Mutations

You are a hulking beast.
Your limbs bulge with bestial killing power. (Slay +4)
You are too large for most types of armour.
You have claws for hands.
Your natural rate of healing is unusually fast.
You are covered in fur. (AC +1)
You have tough skin. (AC +1)
You are partially covered in iridescent scales. (AC +2)
You passively map a small area around you.


Message History

You scratch the gnoll.
The gnoll is moderately wounded.
The gnoll hits you from afar with a +0 spear.
You claw the gnoll!
You kill the gnoll!
The gnoll closely misses you.
You scratch the gnoll. You claw the gnoll!
You kill the gnoll!
The gnoll closely misses you.
The gnoll sergeant hits you from afar with a +5 trident of protection!
The gnoll sergeant hits you from afar with a +5 trident of protection!
The gnoll closely misses you.
The gnoll sergeant hits you with a +5 trident of protection!
You scratch the gnoll sergeant.
The gnoll sergeant is lightly wounded.
The gnoll hits you from afar with a +0 spear.
The gnoll sergeant barely misses you.
You scratch the gnoll sergeant.
The gnoll sergeant is lightly wounded.
The gnoll hits you from afar with a +0 spear.
The gnoll hits you with a +1 halberd of flaming.
The gnoll burns you.
The gnoll sergeant hits you with a +5 trident of protection.
The gnoll hits you with a +0 spear!
You mangle the gnoll!!
You kill the gnoll!
The gnoll hits you with a +1 halberd of flaming!
The gnoll burns you. The gnoll barely misses you.
The gnoll sergeant hits you with a +5 trident of protection!
The gnoll sergeant attacks as you move away!
The gnoll sergeant hits you with a +5 trident of protection!
* * * LOW HITPOINT WARNING * * *
The gnoll hits you with a +1 halberd of flaming!
* * * LOW HITPOINT WARNING * * *
The gnoll burns you.
* * * LOW HITPOINT WARNING * * *
The gnoll hits you with a +0 flail.
* * * LOW HITPOINT WARNING * * *
The gnoll sergeant hits you from afar with a +5 trident of protection.
You die...

..##.#######..##..##.......#
,
.......'......#.....†......#
,
.......#......'............#,
,*
.......#......##..##.....>[#
,
[.##...#....[.###+##...##.##
,
..##..##.....).#..##...##.###
* .
##..##..##..##.g#.........#
,, .>
...######..##..#.........#, ,
.(... ,,,...#ghg+.........#
#####+# ...#...#.........# ,
#.##..# ,,* ##..##.########*
* ......# +#######..##.##*
......+ ....g.'......# ,
###...# ......#).....# , *
###...# .....g#.....##
.#.....# ..... #.....#* , ,
.#.....#,..... #.....# ,


You could see a gnoll sergeant and 2 gnolls.

Vanquished Creatures
  Prince Ribbit (D:7)
  A wraith (D:6)
  A wyvern (D:8)
  Eustachio (D:6)
  Menkaure (D:5)
  2 steam dragons
  Edmund (D:5)
  An ice beast (D:6)
  3 sky beasts
  2 orc warriors
  2 black bears
  2 phantoms
  A centaur (D:4)
  A kobold brigand (D:5)
  3 bullfrogs
  A hound (D:7)
  3 jellies
  A gnoll bouda (D:6)
  2 sleepcaps
  Ijyb (D:3)
  An iron imp (D:4)
  2 iguanas
  3 orc wizards
  11 gnolls
  3 adders
  A shadow imp (D:5)
  A white imp (D:5)
  A worm (D:2)
  2 dart slugs
  17 orcs
  4 endoplasms
  5 giant cockroaches
  17 goblins
  8 hobgoblins
  13 kobolds
  8 quokkas
  6 ball pythons
  4 bats
  4 frilled lizards
  4 rats
146 creatures vanquished.

Notes
Turn   | Place    | Note
-------+----------+-------------------------------------------
     0 | D:1      | Essalna the Troll Shapeshifter began the quest for the Orb.
     0 | D:1      | Reached XP level 1. HP: 19/19 MP: 0/0
   108 | D:1      | Reached XP level 2. HP: 28/28 MP: 1/1
   949 | D:2      | Reached XP level 3. HP: 35/35 MP: 2/2
  1844 | D:3      | Reached XP level 4. HP: 33/42 MP: 3/3
  2029 | D:3      | Found a faded altar of an unknown god.
  2373 | D:3      | Noticed Ijyb
  2385 | D:3      | Paralysed by Ijyb for 3 turns
  2395 | D:3      | Paralysed by Ijyb for 2 turns
  2398 | D:3      | Killed Ijyb
  2399 | D:3      | Reached XP level 5. HP: 36/50 MP: 4/4
  2820 | D:4      | Found a shadowy altar of Dithmenos.
  2821 | D:4      | Noticed a black bear
  2830 | D:4      | Killed a black bear
  2919 | D:4      | Gained mutation: Your magical capacity is low. (-10% MP)
                  | [potion of mutation]
  2919 | D:4      | Gained mutation: Your flesh is cold resistant. (rC+)
                  | [potion of mutation]
  2919 | D:4      | Gained mutation: Your movements are slightly less
                  | encumbered by armour. (ER -2) [potion of mutation]
  2975 | D:4      | Found a snail-covered altar of Cheibriados.
  2986 | D:4      | Reached XP level 6. HP: 45/59 MP: 4/4
  3567 | D:4      | Lost mutation: Your movements are slightly less encumbered
                  | by armour. (ER -2) [potion of mutation]
  3567 | D:4      | Lost mutation: Your flesh is cold resistant. (rC+) [potion
                  | of mutation]
  3567 | D:4      | Lost mutation: Your magical capacity is low. (-10% MP)
                  | [potion of mutation]
  3567 | D:4      | Gained mutation: You are partially covered in iridescent
                  | scales. (AC +2) [potion of mutation]
  3567 | D:4      | Gained mutation: You passively map a small area around you.
                  | [potion of mutation]
  3641 | D:5      | Entered Level 5 of the Dungeon
  3646 | D:5      | Noticed Menkaure
  3652 | D:5      | Killed Menkaure
  3653 | D:5      | Reached XP level 7. HP: 67/67 MP: 6/6
  3719 | D:5      | Found a staircase to the Ecumenical Temple.
  3728 | Temple   | Entered the Ecumenical Temple
  3780 | Temple   | Became a worshipper of the Shining One
  4018 | D:5      | Noticed Edmund
  4029 | D:5      | Killed Edmund
  4393 | D:5      | Reached skill level 5 in Unarmed Combat
  4393 | D:5      | Reached XP level 8. HP: 61/78 MP: 7/7
  4770 | D:6      | Reached skill level 5 in Shapeshifting
  4883 | D:6      | Noticed Eustachio
  4900 | D:6      | Killed Eustachio
  4970 | D:6      | Identified the +4 dagger of Voracious Guile {vamp, Drain
                  | rF+ Dex+4}
  5575 | D:7      | Reached skill level 5 in Fighting
  5575 | D:7      | Reached skill level 5 in Dodging
  5601 | D:7      | Noticed Prince Ribbit
  5606 | D:7      | Killed Prince Ribbit
  5607 | D:7      | Reached XP level 9. HP: 67/88 MP: 8/8
  5740 | D:7      | Reached * piety under the Shining One
  6276 | D:8      | Found a blossoming altar of Fedhas.
  6442 | D:8      | HP: 3/89 [gnoll/+0 flail[a gnoll sergeant] (6)]
  6442 | D:8      | Slain by a gnoll sergeant

Illustrated notes

Levels and vault maps discovered:
D:1:      beargit_arrival_greenhouse, layout_basic
D:2:      minmay_diamond_boxcup, layout_basic, kennysheep_doodads,
          kennysheep_generic_room_16
D:3:      kennysheep_the_goblin_king, layout_loops_corners,
          shapermc_ecumenical_altar_acropolis
D:4:      cheibrodos_helix_gallery, layout_basic,
          nicolae_dithmenos_the_darkroom, slow_altar_2
D:5:      cheibrodos_thug_alley, layout_basic, minmay_temple_entry_waves,
          chequers_serial_rivers_micro_b, uniq_menkaure, uniq_edmund
D:6:      layout_cave_pods, uniq_eustachio
D:7:      layout_gridville, uniq_prince_ribbit1
D:8:      layout_gridville, lemuel_doored_altar, old_standard_altar
Temple:   nicolae_temple_bog_church

Skill      XL: |  1  2  3  4  5  6  7  8  9 |
---------------+----------------------------+-----
Fighting       | 2 3 4 5 |  5.7
Dodging        | 2 3 4 5 |  5.7
Unarmed Combat | 3 4 5 6 |  6.9
Shapeshifting  | 4 5 6 |  6.3

Action                     |  1- 3 |  4- 6 |  7- 9 || total
---------------------------+-------+-------+-------++-------
  Melee: Unarmed           |    76 |    77 |   162 ||   315
         Punch             |       |     2 |    10 ||    12
    Use: Scroll            |       |     6 |     6 ||    12
         Potion            |       |     2 |       ||     2
   Stab: Sleeping          |     3 |     1 |       ||     4
 Armour: Animal skin       |    27 |    32 |    49 ||   108
  Dodge: Dodged            |    40 |    44 |   101 ||   185

Table legend: (Time is in decaauts)
 A = Elapsed time spent in this place.
 B = Non-inter-level travel time spent in this place.
 C = Inter-level travel time spent in this place.
 D = Time resting spent in this place.
 E = Time spent auto-exploring this place.
 F = Levels seen in this place.
 G = Mean time per level.
                   A        B        C        D        E       F      G
               +--------+--------+--------+--------+--------+-----+--------+
         Total |   6430 |   6186 |    244 |      0 |   5292 |   9 |  714.4 |
       Dungeon |   6357 |   6132 |    225 |      0 |   5264 |   8 |  794.6 |
        Temple |     72 |     53 |     19 |      0 |     28 |   1 |   72.0 |
               +--------+--------+--------+--------+--------+-----+--------+

Top non-repeatable levels by time:
     D:5: 1033 daAuts
     D:4: 945 daAuts
     D:3: 907 daAuts
     D:2: 906 daAuts
     D:1: 873 daAuts
     D:6: 826 daAuts
     D:7: 651 daAuts
     D:8: 212 daAuts
  Temple: 72 daAuts
